 Dungeon Crawl Stone Soup version 0.13-a0-2382-gbc6a47d (webtiles) character file.

6060 JogiH the Thaumaturge (level 10, -6/83 HPs)
             Began as a Djinni Wizard on July 14, 2013.
             Was an Elder of Sif Muna.
             Mangled by a shark (16 damage)
             ... on Level 9 of the Dungeon.
             The game lasted 01:17:15 (19613 turns).

JogiH the Thaumaturge (Djinni Wizard)              Turns: 19613, Time: 01:17:15

HP  -6/83        AC  4     Str  7      XL: 10   Next: 43%
MP   0/0         EV 11     Int 22      God: Sif Muna [****..]
Gold 519         SH  9     Dex 16      Spells:  7 memorised, 14 levels left

Res.Fire  : + + +   See Invis. : .   t - +0 dagger (venom)
Res.Cold  : x . .   Warding    : .   G - +2 robe {MR+}
Life Prot.: + + +   Conserve   : .   z - +0 buckler (curse)
Res.Poison: .       Res.Corr.  : .   b - +0 wizard hat
Res.Elec. : .       Clarity    : .   (no cloak)
Sust.Abil.: + .     Spirit.Shd : .   (no gloves)
Res.Mut.  : .       Stasis     : .   (boots unavailable)
Res.Rott. : .       Flight     : .   (no amulet)
Saprovore : . . .                    q - +4 ring of dexterity
                                     T - ring of sustain abilities

@: very slow, quite resistant to hostile enchantments, fairly stealthy
A: no striking features
a: Channel Energy, Forget Spell, Renounce Religion


You were on level 9 of the Dungeon.
You worshipped Sif Muna.
Sif Muna was extremely pleased with you.
You were not hungry.

You visited 3 branches of the dungeon, and saw 11 of its levels.

You collected 499 gold pieces.

Inventory:

Hand weapons
 h - a +0,+2 sling of frost
 k - a +1,+4 whip
 t - a +0,+0 dagger of venom (weapon)
 Q - a +1,+3 orcish hand axe
 R - a +1,+1 spear of piercing
Missiles
 j - 24 stones (quivered)
 r - 17 sling bullets
Armour
 b - a +0 wizard hat (worn)
 z - a cursed +0 buckler (worn)
 G - a +2 robe of magic resistance (worn)
Magical devices
 o - a wand of flame (2) {unknown}
 x - a wand of digging (6) {unknown}
 I - a wand of confusion (8) {unknown}
 J - a wand of polymorph (10) {unknown}
 K - a wand of heal wounds (1)
 O - a wand of slowing (9) {unknown}
Scrolls
 a - 2 scrolls of enchant armour {unknown}
 g - 7 scrolls of teleportation {unknown}
 i - 6 scrolls of identify
 n - a scroll of magic mapping {unknown}
 p - 2 scrolls of blinking {unknown}
 s - 4 scrolls of curse armour {unknown}
 u - a scroll of recharging {unknown}
 w - 8 scrolls of remove curse
 B - a scroll of fog {unknown}
 E - a scroll of enchant weapon I {unknown}
 H - 6 scrolls of amnesia {unknown}
 P - a scroll of curse weapon {unknown}
 S - a scroll of torment {unknown}
 U - a scroll of fear {unknown}
Jewellery
 m - an uncursed ring of flight
 q - a +4 ring of dexterity (right hand)
 y - an uncursed ring of hunger
 C - a cursed amulet of faith
 F - a -3 ring of evasion
 T - a ring of sustain abilities (left hand)
Potions
 d - 8 potions of curing
 e - 2 potions of restore abilities
 f - 3 potions of heal wounds {unknown}
 v - 2 potions of speed {unknown}
 A - 2 potions of agility {unknown}
 D - a potion of degeneration {unknown}
 L - a potion of paralysis {unknown}
Books
 c - a book of Minor Magic

   Spells                             Type                      Level
   *Magic Dart                        Conjuration                  1
   *Blink                             Translocation                2
   *Call Imp                          Summoning                    2
   *Repel Missiles                    Charms/Air                   2
   Slow                               Hexes                        2
   *Conjure Flame                     Conjuration/Fire             3
   *Mephitic Cloud                    Conjuration/Poison/Air       3
 l - a book of Control

   Spells                             Type                      Level
   Control Teleport                   Charms/Translocation         4
   Control Undead                     Necromancy                   4
   Enslavement                        Hexes                        4
   Mass Confusion                     Hexes                        6
   Metabolic Englaciation             Hexes/Ice                    6
 M - a book of the Tempests

   Spells                             Type                      Level
   Static Discharge                   Conjuration/Air              3
   Lightning Bolt                     Conjuration/Air              5
   *Fireball                          Conjuration/Fire             5
   Tornado                            Air                          9
   Shatter                            Earth                        9
 N - a book of Callings

   Spells                             Type                      Level
   Summon Small Mammal                Summoning                    1
   *Call Imp                          Summoning                    2
   Call Canine Familiar               Summoning                    3
   Summon Scorpions                   Summoning/Poison             4
   Summon Ice Beast                   Ice/Summoning                4


   Skills:
 - Level 1.7 Dodging
 - Level 1.5 Stealth
 + Level 1.3 Shields
 + Level 11.8 Spellcasting
 * Level 10.6 Conjurations
 - Level 1.0 Charms
 - Level 2.0 Summonings
 - Level 2.0 Translocations
 - Level 2.0 Fire Magic
 - Level 1.0 Air Magic
 - Level 1.0 Poison Magic
 * Level 5.0 Invocations


You had 14 spell levels left.
You knew the following spells:

 Your Spells              Type           Power        Failure   Level  Hunger
a - Magic Dart            Conj           ####         1%          1    None
b - Blink                 Tloc           N/A          3%          2    None
c - Call Imp              Summ           ###.......   4%          2    None
d - Conjure Flame         Conj/Fire      #####...     1%          3    None
e - Mephitic Cloud        Conj/Pois/Air  ####....     2%          3    None
f - Repel Missiles        Chrm/Air       ###.......   8%          2    None
g - Fireball              Conj/Fire      #####.....   12%         5    ###....


Dungeon Overview and Level Annotations

Branches:
Dungeon (9/27)             Temple (1/1) D:6             Orc (1/4) D:6
   Lair: D:8-13

Altars:
Cheibriados
Elyvilon
Fedhas
Kikubaaqudgha
Nemelex Xobeh
Okawaru
Sif Muna
Trog
Vehumet
Xom
Yredelemnul
the Shining One
Beogh

Shops:
D:5: (

Annotations
Orc:1 Gastronok


Message History

2 vampire mosquitoes come into view.
You block the vampire mosquito's attack.
A vampire mosquito comes into view.
The vampire mosquito bites you.
* * * LOW HITPOINT WARNING * * *
The vampire mosquito bites you!
* * * LOW HITPOINT WARNING * * *
Casting: Call Imp
Confirm with . or Enter, or press ? or * to list all spells.
You blink.
The vampire mosquito closely misses you.
The vampire mosquito misses you.
The vampire mosquito bites you but does no damage.
Your crimson imp barely misses the vampire mosquito.
Casting: Blink
Confirm with . or Enter, or press ? or * to list all spells.
You blink.
You heave yourself high above the water.
The shark bites you!
You die...

.................................
.................................
.................................
.................................
............).≈≈≈................
.............≈≈≈≈≈...............
.............≈≈≈≈≈......≈≈≈......
.............≈≈≈;≈.....≈≈≈≈≈.....
..............≈≈@......≈≈≈≈≈.....
......≈≈≈..............≈≈≈≈≈.....
.....≈≈≈≈≈......y.......≈≈≈......
.....≈≈≈≈≈......y................
.....≈≈≈≈≈...Z..y.y..............
......≈≈≈......).................
...........)........5.§........≈≈
..........()..................≈≈≈
...........(##########........≈≈≈


You could see a shark, 4 vampire mosquitoes, a six-headed hydra skeleton and a
friendly crimson imp.

Vanquished Creatures
  Prince Ribbit (D:8)
  A wyvern (D:8)
  A hungry ghost (D:7)
  2 hippogriffs (D:7)
  A wolf (D:9)
  Edmund (D:7)
  Menkaure (D:7)
  3 orc warriors
  3 ice beasts
  3 sky beasts
  2 black bears
  2 ogres
  6 centaurs
  Sigmund (D:7)
  Duvessa (D:7)
  3 gnoll sergeants
  6 giant frogs
  A manticore skeleton (D:7)
  2 jellyfish (D:9)
  3 electric eels (D:9)
  A goliath beetle (D:9)
  Dowan (D:7)
  6 crimson imps
  3 gnoll shamans (D:9)
  3 orc priests
  6 hounds
  4 orc wizards
  An iguana (D:8)
  3 scorpions
  2 worker ants
  A killer bee zombie (D:5)
  3 jellies
  A crocodile skeleton (D:7)
  A mummy (D:9)
  A sky beast zombie (D:5)
  27 gnolls
  12 adders
  A giant mite (D:3)
  An adder zombie (D:8)
  A giant eyeball (D:8)
  29 orcs
  A bat zombie (D:7)
  9 goblins
  9 hobgoblins
  12 kobolds
  A quokka (D:6)
  14 bats
  7 giant geckos
  4 giant newts
  A giant newt skeleton (D:4)
  A hobgoblin skeleton (D:7)
  A hobgoblin zombie (D:6)
  8 jackals
  A kobold zombie (D:5)
  11 rats
232 creatures vanquished.

Vanquished Creatures (collateral kills)
  The ghost of 4tharraofdagon the Firebug, an average GrFE of Sif Muna (D:5)
  A centaur (D:5)
  A phantom (D:9)
  An ogre (D:4)
  2 crimson imps (D:5)
  A quasit (D:8)
  2 iguanas (D:4)
  A worker ant (D:7)
  Ijyb (D:3)
  A jelly (D:5)
  7 adders
  3 gnolls (D:5)
  A giant centipede (D:9)
  An inept feature mimic (D:5)
  2 orcs
  2 giant cockroaches
  2 goblins
  4 hobgoblins
  11 jackals
  6 kobolds
  A quokka (D:9)
  An orc skeleton (D:5)
  2 rats
55 creatures vanquished.

Vanquished Creatures (others)
  8 crimson imps
  An iron imp (D:5)
  2 shadow imps (D:9)
  4 white imps
  An orc (D:9)
  A giant cockroach (D:8)
  A goblin (D:3)
  A giant newt (D:2)
  A kobold (D:1)
20 creatures vanquished.

Grand Total: 307 creatures vanquished

Notes
Turn   | Place    | Note
--------------------------------------------------------------
     0 | D:1      | JogiH, the Djinni Wizard, began the quest for the Orb.
     0 | D:1      | Reached XP level 1. HP: 14/14 MP: 0/0
   518 | D:1      | Reached skill level 4 in Spellcasting
   518 | D:1      | Reached XP level 2. EP: 1/23
   682 | D:1      | Learned a level 2 spell: Blink
   685 | D:1      | Learned a level 2 spell: Call Imp
  1735 | D:2      | Reached XP level 3. EP: 23/29
  2481 | D:2      | Found a sparkling altar of Nemelex Xobeh.
  2623 | D:3      | Noticed Ijyb
  2966 | D:3      | Killed Ijyb
  3099 | D:3      | Reached XP level 4. EP: 30/37
  3533 | D:3      | Reached skill level 5 in Spellcasting
  4399 | D:4      | Reached XP level 5. EP: 23/44
  5128 | D:4      | Reached skill level 6 in Spellcasting
  5139 | D:4      | Found a glowing golden altar of the Shining One.
  5139 | D:4      | Noticed an angel
  5261 | D:4      | Noticed an ogre
  5282 | D:4      | Killed an ogre
  5346 | D:4      | Learned a level 3 spell: Conjure Flame
  5350 | D:4      | Learned a level 3 spell: Mephitic Cloud
  5373 | D:5      | Entered Level 5 of the Dungeon
  5442 | D:5      | Noticed an ogre
  5451 | D:5      | Killed an ogre
  5451 | D:5      | Reached XP level 6. EP: 34/53
  5593 | D:5      | Noticed a centaur
  5658 | D:5      | Noticed 4tharraofdagon's ghost (average GrFE)
  5694 | D:5      | Learned a level 2 spell: Repel Missiles
  5697 | D:5      | Found Usheets' Weapon Shop.
  5701 | D:5      | Noticed a centaur
  5715 | D:5      | Killed a centaur
  5715 | D:5      | Reached skill level 7 in Spellcasting
  6000 | D:5      | Found a staircase to the Ecumenical Temple.
  6006 | D:5      | the staircase to the Ecumenical Temple was a mimic.
  6305 | D:5      | Noticed a centaur
  6379 | D:5      | Killed a centaur
  6379 | D:5      | Reached XP level 7. EP: 32/60
  6543 | D:5      | Noticed a centaur
  6554 | D:5      | Killed a centaur
  6693 | D:5      | Killed 4tharraofdagon's ghost
  6693 | D:5      | Reached skill level 8 in Spellcasting
  7224 | D:4      | Killed a centaur
  7224 | D:4      | Reached skill level 1 in Charms
  7224 | D:4      | Reached skill level 1 in Air Magic
  7983 | D:5      | Reached skill level 5 in Conjurations
  8360 | D:6      | Found a staircase to the Ecumenical Temple.
  8436 | Temple   | Entered the Ecumenical Temple
  8454 | Temple   | Became a worshipper of Sif Muna the Loreminder
  8715 | D:6      | Found a radiant altar of Vehumet.
  8739 | D:6      | Found a staircase to the Orcish Mines.
  8841 | Orc:1    | Entered Level 1 of the Orcish Mines
  8841 | Orc:1    | Found a roughly hewn altar of Beogh.
  8841 | Orc:1    | Noticed Gastronok
  8910 | D:7      | Reached skill level 9 in Spellcasting
  8910 | D:7      | Reached skill level 1 in Fire Magic
  8910 | D:7      | Reached XP level 8. EP: 51/69
  9546 | D:7      | Noticed Edmund
  9585 | D:7      | Killed Edmund
  9585 | D:7      | Acquired Sif Muna's first power
  9848 | D:7      | Found an ancient bone altar of Kikubaaqudgha.
  9854 | D:7      | Found a sparkling altar of Nemelex Xobeh.
  9855 | D:7      | Found an ancient bone altar of Kikubaaqudgha.
  9862 | D:7      | Found a blossoming altar of Fedhas.
  9862 | D:7      | Found a shimmering altar of Xom.
  9863 | D:7      | Found a bloodstained altar of Trog.
 10170 | D:7      | Noticed Sigmund
 10193 | D:7      | Noticed Menkaure
 10444 | D:8      | Reached skill level 1 in Invocations
 10784 | D:8      | Reached XP level 9. EP: 35/75
 10824 | D:8      | Acquired Sif Muna's second power
 10824 | D:8      | Reached skill level 1 in Poison Magic
 11323 | D:8      | Reached skill level 10 in Spellcasting
 11487 | D:7      | Found a white marble altar of Elyvilon.
 12097 | D:8      | Noticed Prince Ribbit
 12112 | D:8      | Killed Prince Ribbit
 14915 | D:7      | Noticed Duvessa
 14917 | D:7      | Noticed Dowan
 14939 | D:7      | Reached skill level 1 in Shields
 14939 | D:7      | Reached skill level 11 in Spellcasting
 14963 | D:7      | Killed Dowan
 14979 | D:7      | Killed Duvessa
 15356 | D:7      | Killed Sigmund
 15356 | D:7      | Reached XP level 10. EP: 51/82
 15901 | D:7      | Learned a level 5 spell: Fireball
 15903 | D:7      | Killed Menkaure
 16541 | D:9      | Reached skill level 10 in Conjurations
 17225 | D:9      | Acquired Sif Muna's third power
 19408 | D:9      | Reached skill level 5 in Invocations
 19613 | D:9      | Mangled by a shark

Action                   |  1- 3 |  4- 6 |  7- 9 | 10-12 || total
-------------------------+-------+-------+-------+-------++-------
Melee: Unarmed           |    26 |       |       |       ||    26
       Dagger            |       |    28 |    91 |    41 ||   160
 Fire: Sling             |     2 |       |       |       ||     2
 Cast: Magic Dart        |    56 |   111 |   305 |   204 ||   676
       Call Imp          |    28 |    36 |    40 |     9 ||   113
       Conjure Flame     |       |     4 |    48 |     6 ||    58
       Mephitic Cloud    |       |     3 |    46 |    12 ||    61
       Repel Missiles    |       |     2 |     5 |       ||     7
       Blink             |       |       |     4 |     3 ||     7
       Fireball          |       |       |       |    22 ||    22
Invok: Channel Energy    |       |       |     3 |     8 ||    11
  Use: Scroll            |       |     4 |       |     1 ||     5
       Potion            |       |       |     2 |       ||     2
 Stab: Confused          |       |       |     1 |       ||     1
